 Dungeon Crawl Stone Soup version 0.30-a0-341-g682706514a (webtiles) character file.

Game seed: 2674869716256778659

46 Harunobu the Trooper (level 3, 0/24 HPs)
             Began as a Gargoyle Monk on Nov 3, 2022.
             Slain by an orc
             ... wielding a +0 mace
              (5 damage)
             ... on level 2 of the Dungeon.
             The game lasted 00:02:07 (1686 turns).

Harunobu the Trooper (Gargoyle Monk)                Turns: 1686, Time: 00:02:07

Health: 0/24       AC:  5    Str: 16    XL:     3   Next: 66%
Magic:  1/1        EV: 12    Int: 10    God:
Gold:   79         SH:  0    Dex: 12    Spells: 2/2 levels left

rFire   + . .      SeeInvis .    j - +0 dagger (antimagic)
rCold   . . .      Faith    +    (no shield)
rNeg    + . .      Spirit   .    b - +0 robe
rPois   ∞          Reflect  .    (no helmet)
rElec   +          Harm     .    (no cloak)
rCorr   .          Rampage  .    (no gloves)
Will    +....                    (no boots)
Stlth   ++........               f - amulet of faith
HPRegen 0.24/turn                k - ring of willpower
MPRegen 0.07/turn                p - ring of protection from fire

@: no status effects
A: sickness immunity, AC +3, negative energy resistance 1, electricity
resistance, torment resistance 1, petrification resistance
a: no special abilities


You were on level 2 of the Dungeon.
You visited 1 branch of the dungeon, and saw 3 of its levels.

You collected 79 gold pieces.

Inventory:

Hand Weapons
 a - a +0 mace
 j - a +0 antimagic dagger (weapon)
Armour
 b - a +0 robe (worn)
Jewellery
 f - an amulet of faith (around neck)
 k - a ring of willpower (left hand)
 p - a ring of protection from fire (right hand)
Scrolls
 e - a scroll of teleportation {unknown}
 h - 2 scrolls of blinking {unknown}
 i - 4 scrolls of identify {unknown}
 l - a scroll of immolation {unknown}
 m - a scroll of fog {unknown}
 n - 3 scrolls of brand weapon {unknown}
 o - a scroll of enchant armour {unknown}
Potions
 c - a potion of ambrosia
 d - a potion of might {unknown}
 g - a potion of brilliance {unknown}


   Skills:
 + Level 3.9 Fighting
 - Level 3.0 Maces & Flails
 + Level 2.9 Dodging
 + Level 3.2 Stealth


You had 2 spell levels left.
You didn't know any spells.
Your spell library was empty.

Dungeon Overview and Level Annotations

Branches:
Dungeon (3/15)

Altars:


Innate Abilities, Weirdness & Mutations

You are immune to sickness and miasma.
Your stone body is resilient. (AC +3)
You are immune to poison.
You resist negative energy. (rN+)
You are resistant to electric shocks. (rElec)
You are resistant to unholy torment.
You are immune to petrification.


Message History

You hit the orc but do no damage.
The orc is lightly wounded.
The orc hits you with a +0 mace.
* * * LOW HITPOINT WARNING * * *
You hit the orc but do no damage.
The orc is lightly wounded.
The orc closely misses you. The orc attacks as you move away!
The orc hits you but does no damage.
You hit the orc but do no damage. The orc closely misses you.
You closely miss the orc. The orc closely misses you.
You hit the orc but do no damage. The orc barely misses you.
You barely miss the orc. The orc barely misses you.
You hit the orc but do no damage. The orc misses you.
You hit the orc.
The orc is lightly wounded.
The orc closely misses you.
You hit the orc but do no damage.
The orc is lightly wounded.
The orc hits you with a +0 mace.
* * * LOW HITPOINT WARNING * * *
You hit the orc but do no damage.
The orc is lightly wounded.
The orc hits you but does no damage.
You hit the orc but do no damage.
The orc is lightly wounded.
The orc barely misses you.
You hit the orc but do no damage.
The orc is lightly wounded.
The orc closely misses you.
You hit the orc but do no damage.
The orc is lightly wounded.
The orc completely misses you.
You barely miss the orc.
The orc is lightly wounded.
The orc hits you with a +0 mace.
* * * LOW HITPOINT WARNING * * *
You hit the orc but do no damage.
The orc is lightly wounded.
The orc hits you with a +0 mace.
You die...

.................###..#
##.#....
..............[.......#
##.#.##
......##...#..........#
#...#
......###....######.#.#
#.### .....####....###
#>#.# ####.####
#.######.......# #)#.#
#........
#..............# #.#.#
#.##.####
########.......####.#.#
#.##.#...
##.......@o..#.#
#.##.#.##
#########....########.#
#.##.#.# .............#
#.###.##.#.#
#######.######
#.....##.#.# #.#
#####.##.#.# #.#
#.##.#.## #.# #........
#.# #.##..... #.#
#.####.##


You could see an orc.

Vanquished Creatures
  An adder (D:2)
  A worm (D:2)
  2 dart slugs
  An orc (D:2)
  2 ball pythons (D:1)
  2 giant cockroaches
  3 hobgoblins (D:1)
  2 kobolds
  3 quokkas
  3 bats (D:1)
  4 frilled lizards (D:1)
  2 goblins (D:1)
  5 rats
31 creatures vanquished.

Notes
Turn   | Place    | Note
-------+----------+-------------------------------------------
     0 | D:1      | Harunobu the Gargoyle Monk began the quest for the Orb.
     0 | D:1      | Reached XP level 1. HP: 14/14 MP: 1/1
   213 | D:1      | Reached XP level 2. HP: 19/19 MP: 2/2
   772 | D:1      | Reached XP level 3. HP: 16/24 MP: 1/3
  1044 | D:2      | Found a faded altar of an unknown god.
  1274 | D:2      | Identified the +1 robe of Dishonesty {rElec Will- Dex+2}
  1686 | D:2      | Slain by an orc

Illustrated notes

Levels and vault maps discovered:
D:1:      minmay_arrival_cross, layout_basic
D:2:      layout_loops_ring, ebering_ecumenical_altar_rust
D:3:      layout_basic

Skill      XL: |  1  2  3 |
---------------+----------+-----
Stealth        | 3 |  3.2
Fighting       | |  3.9
Maces & Flails | |  3.0
Dodging        | |  2.9

Action                   || total
-------------------------++-------
Melee: Mace              ||    31
       Dagger            ||   153
       Punch             ||     2
 Stab: Sleeping          ||     4
Armor: Robe              ||    62
Dodge: Dodged            ||   150

Table legend: (Time is in decaauts)
 A = Elapsed time spent in this place.
 B = Non-inter-level travel time spent in this place.
 C = Inter-level travel time spent in this place.
 D = Time resting spent in this place.
 E = Time spent auto-exploring this place.
 F = Levels seen in this place.
 G = Mean time per level.
                   A        B        C        D        E       F      G
               +--------+--------+--------+--------+--------+-----+--------+
         Total |   1693 |   1650 |     43 |    259 |    997 |   3 |  564.3 |
       Dungeon |   1693 |   1650 |     43 |    259 |    997 |   3 |  564.3 |
               +--------+--------+--------+--------+--------+-----+--------+

Top non-repeatable levels by time:
     D:1: 879 daAuts
     D:2: 779 daAuts
     D:3: 35 daAuts
